 Dungeon Crawl Stone Soup version 0.22-a0-348-gd16d139 (webtiles) character file.

26 Amnesiac the Digger (level 2, 0/13 HPs)
             Began as a Spriggan Earth Elementalist on Apr 10, 2018.
             Slain by a bat (1 damage)
             ... on level 2 of the Dungeon.
             The game lasted 00:01:22 (680 turns).

Amnesiac the Digger (Spriggan Earth Elementalist)    Turns: 680, Time: 00:01:22

Health: 0/13       AC:  2    Str:  4    XL:     2   Next: 89%
Magic:  1/7        EV: 18    Int: 16    God:
Gold:   19         SH:  0    Dex: 16    Spells: 6/7 levels left

rFire    . . .     SeeInvis +   (weapon restricted)
rCold    . . .     Gourm    .   (shield restricted)
rNeg     . . .     Faith    .   c - +0 robe
rPois    .         Spirit   .   (helmet restricted)
rElec    .         Reflect  .   (no cloak)
rCorr    .         Harm     .   (gloves unavailable)
MR       .....                  (boots unavailable)
Stlth    +++.......             (no amulet)
HPRegen  0.04/turn              j - ring of wizardry
MPRegen  0.10/turn              h - ring of stealth

@: very slightly contaminated, very quick
A: very small, unfitting armour, see invisible, herbivore, speed 3, slow
metabolism 2
a: no special abilities


You were on level 2 of the Dungeon.
You were not hungry.

You visited 1 branch of the dungeon, and saw 2 of its levels.

You collected 19 gold pieces.

Inventory:

Missiles
 b - 6 stones (quivered)
Armour
 c - a +0 robe (worn)
Jewellery
 h - a ring of stealth (right hand)
 j - a ring of wizardry (left hand)
Scrolls
 a - a scroll of magic mapping {!r, unknown}
 f - a scroll of fog {!r, unknown}
 k - a scroll of identify {!r, unknown}
 l - a scroll of remove curse {!r, unknown}
 m - a scroll of amnesia {!r, unknown}
Potions
 g - a potion of heal wounds {!q, unknown}
 i - a potion of agility {!q, unknown}
Comestibles
 d - 3 rations


   Skills:
 - Level 3.0 Dodging
 - Level 3.0 Stealth
 + Level 3.3 Spellcasting
   Level 1.3 Transmutations
 * Level 3.4 Earth Magic


You had 6 spell levels left.
You knew the following spells:

 Your Spells              Type           Power        Failure   Level  Hunger
a - Sandblast             Erth           ##....       1%          1    None


Dungeon Overview and Level Annotations

Branches:
Dungeon (2/15)

Altars:

Annotations:
D:2 Sigmund


Innate Abilities, Weirdness & Mutations

You are very small and have problems with some larger weapons.
You are too small for most types of armour.
You have supernaturally acute eyesight. (SInv)
You are a herbivore.
You cover ground extremely quickly.
You need to consume almost no food.


Message History

Confirm with . or Enter, or press ? or * to list all spells.
Aiming: Sandblast (safe; 1% risk of failure)
Press: ? - help, Shift-Dir - straight line, f - adder
Aim: an adder The blast of sand hits the adder.
The adder is heavily wounded.
b - 10 stones The adder closely misses you.
Casting: Sandblast (safe; 1% risk of failure)
Confirm with . or Enter, or press ? or * to list all spells.
Aiming: Sandblast (safe; 1% risk of failure)
Press: ? - help, Shift-Dir - straight line, f/p - adder
Aim: an adder (heavily wounded)
The blast of sand hits the adder.
You kill the adder!
b - 9 stones The bat completely misses you.
The kobold misses you.
Casting: Sandblast (safe; 1% risk of failure)
Confirm with . or Enter, or press ? or * to list all spells.
Aiming: Sandblast (safe; 1% risk of failure)
Press: ? - help, Shift-Dir - straight line, f - kobold
Aim: a kobold, wielding a short sword The blast of sand hits the kobold.
You kill the kobold!
b - 8 stones The bat hits you but does no damage.
The bat completely misses you.
A hobgoblin comes into view. It is wielding a club.
The bat hits you but does no damage.
Casting: Sandblast (safe; 1% risk of failure)
Confirm with . or Enter, or press ? or * to list all spells.
Aiming: Sandblast (safe; 1% risk of failure)
Press: ? - help, Shift-Dir - straight line, f - bat
Aim: a bat The blast of sand hits the bat.
You kill the bat!
b - 7 stones The hobgoblin shouts!
A bat and a hobgoblin come into view.
Casting: Sandblast (safe; 1% risk of failure)
Confirm with . or Enter, or press ? or * to list all spells.
Aiming: Sandblast (safe; 1% risk of failure)
Press: ? - help, Shift-Dir - straight line, f - leopard gecko
Aim: a leopard gecko (clinging)
The blast of sand hits the leopard gecko.
You kill the leopard gecko!
b - 6 stones The bat moves out of view.
Casting: Sandblast (safe; 1% risk of failure)
Confirm with . or Enter, or press ? or * to list all spells.
Aiming: Sandblast (safe; 1% risk of failure)
Press: ? - help, Shift-Dir - straight line, f - adder
Aim: an adder You miscast Sandblast.
You are very lightly contaminated with residual magic.
You feel gritty. The adder bites you.
* * * LOW HITPOINT WARNING * * *
The adder closely misses you. The hobgoblin hits you with a club.
* * * LOW HITPOINT WARNING * * *
The bat barely misses you.
Found 15 arrows.
Found a dagger.
The bat hits you.
You die...

##### ..# #######......
..# ###...........)
..### .............#
#.+.. #...........
...### #...........
.....# #.......#
####.....# #...@...#
#........#
##...b.g)###...%....#
..........S†K'........+
###......g.###........#
#........# #........#
#.....#### #..........
.......# #......####
##....(# #......#
#..... #......#


You could see an adder, 2 hobgoblins, a bat and a kobold.

Vanquished Creatures
  An adder (D:2)
  A worm (D:2)
  A leopard gecko (D:2)
  A goblin (D:1)
  2 hobgoblins (D:1)
  5 bats
  3 kobolds
14 creatures vanquished.

Notes
Turn   | Place    | Note
-------+----------+-------------------------------------------
     0 | D:1      | Amnesiac the Spriggan Earth Elementalist began the quest for the Orb.
     0 | D:1      | Reached XP level 1. HP: 9/9 MP: 5/5
   518 | D:2      | Reached XP level 2. HP: 13/13 MP: 5/7
   523 | D:2      | Noticed Sigmund
   680 | D:2      | Slain by a bat

Vault maps used:
D:1:      nicolae_arrival_memento_mori
D:2:      first_ration, chequers_ecumenical_altar_simple, minmay_door_square,
          grunt_qazlal_clouds, uniq_sigmund, uniq_jessica

Skill      XL: |  1 |
---------------+----+-----
Earth Magic    | 3 |  3.4
Spellcasting   | 3 |  3.3
Dodging        | |  3.0
Stealth        | |  3.0
Transmutations | |  1.3

Action                   || total
-------------------------++-------
 Cast: Sandblast         ||    26
  Use: Potion            ||     1
Armor: Robe              ||     3
Dodge: Dodged            ||    13

Table legend:
 A = Spawn XP
 B = Non-spawn XP
 C = Spawn XP percentage of total XP
 D = Spawn monster count
 E = Non-spawn monster count
 F = Spawn count percentage of total count
 G = Total turns spent on level
                    A         B        C        D         E        F      G
               +---------+---------+-------+---------+---------+-------+---------
         Total |       0 |      38 |   0.0 |       0 |      14 |   0.0 |   680
               +---------+---------+-------+---------+---------+-------+---------
           D:1 |       0 |      11 |   0.0 |       0 |       7 |   0.0 |   573
           D:2 |       0 |      27 |   0.0 |       0 |       7 |   0.0 |   107
               +---------+---------+-------+---------+---------+-------+---------
